 Dungeon Crawl Stone Soup version 0.20.1-1-g8b1a95d (webtiles) character file.

8685 Gargoyl the Protected (level 11, -2/142 HPs)
             Began as a Minotaur Abyssal Knight on Sept 13, 2017.
             Was a High Priest of Lugonu.
             Slain by an orc knight
             ... wielding a +0 halberd
              (21 damage)
             ... in a bailey.
             The game lasted 00:20:31 (11729 turns).

Gargoyl the Protected (Minotaur Abyssal Knight)    Turns: 11729, Time: 00:20:32

Health: -2/142     AC: 25    Str: 26    XL:     11   Next: 13%
Magic:  15/15      EV: 11    Int:  9    God:    Lugonu [*****.]
Gold:   545        SH:  0    Dex: 13    Spells: 10/10 levels left

rFire    . . .     SeeInvis .   z - +0 broad axe
rCold    . . .     Gourm    .   (no shield)
rNeg     . . .     Faith    .   j - +0 crystal plate armour
rPois    .         Spirit   .   (helmet unavailable)
rElec    .         Reflect  .   b - scarf {repulsion}
rCorr    .         Harm     .   (no gloves)
MR       .....                  (no boots)
Stlth    ..........             (no amulet)
Regen    0.4/turn               k - +4 ring of evasion
MPRegen  0.2/turn               i - +3 ring of protection

@: berserking (expiring), repel missiles, very quick
A: retaliatory headbutt, horns 3, blurry vision 1, strong 2
a: Depart the Abyss, Bend Space, Banish, Corrupt, Enter the Abyss, Renounce
Religion


You were in a bailey.
You worshipped Lugonu.
Lugonu was extremely pleased with you.
You were hungry.

You visited 1 branch of the dungeon, and saw 8 of its levels.
You visited the Abyss 1 time.
You also visited: Bailey.

You collected 545 gold pieces.

Inventory:

Hand Weapons
 z - a +0 broad axe (weapon)
 B - a +0 war axe
Missiles
 x - 5 javelins (quivered)
Armour
 b - a scarf of repulsion (worn)
 j - a +0 crystal plate armour (worn)
Jewellery
 i - a +3 ring of protection (right hand)
 k - a +4 ring of evasion (left hand)
 n - an uncursed ring of protection from magic
Wands
 d - a wand of random effects (28/48)
 e - a wand of acid (7/15)
 p - a wand of disintegration (10/24)
 u - a wand of flame (16/48)
 y - a wand of polymorph (9/24)
 C - a wand of flame (26/48)
Scrolls
 f - 3 scrolls of teleportation
 h - 3 scrolls of remove curse
 l - a scroll of identify
 A - a scroll of magic mapping
Potions
 a - a potion of experience {unknown}
 g - a potion of flight
 m - a potion of haste
 o - a potion of brilliance
 v - 3 potions of curing
 F - a potion of might {unknown}
Books
 s - a book of Minor Magic

   Spells                             Type                      Level
   a - Magic Dart                     Conjuration                  1
   b - Blink                          Translocation                2
   c - Call Imp                       Summoning                    2
   d - Slow                           Hexes                        2
   e - Conjure Flame                  Conjuration/Fire             3
   f - Mephitic Cloud                 Conjuration/Poison/Air       3
Comestibles
 c - 7 bread rations
 q - 9 chunks of flesh
 r - 5 royal jellies
 t - 4 meat rations
 w - 4 fruits


   Skills:
 + Level 8.6 Fighting
 + Level 11.4 Axes
 + Level 1.0 Throwing
 * Level 12.7 Armour
 + Level 2.5 Dodging
 * Level 7.2 Invocations


You had 10 spell levels left.
You didn't know any spells.

Dungeon Overview and Level Annotations

Branches:
Dungeon (8/15)             Temple (0/1) D:4
   Lair: D:8-11

Altars:
Ashenzari
Kikubaaqudgha
Makhleb


Innate Abilities, Weirdness & Mutations

You reflexively headbutt those who attack you in melee.
You have a pair of large horns on your head.
Scrolls take you a little longer to read.
Your muscles are very strong. (Str +4)


Message History

Things that are here:
a spear; a ring mail You closely miss the orc knight.
The orc knight is moderately wounded.
You closely miss the orc knight. The orc knight hits you with a halberd!
* * * LOW HITPOINT WARNING * * *
Unknown command.
You closely miss the orc knight.
The orc knight is moderately wounded.
You hit the orc knight. The orc knight misses you.
Unknown command.
You hit the orc knight but do no damage.
The orc knight is moderately wounded.
You hit the orc knight but do no damage.
The orc knight hits you but does no damage.
You slice the orc knight!!
The orc knight is heavily wounded.
You barely miss the orc knight.
The orc knight hits you with a halberd!!
You die...

###### ############
.....## ##........∩.##
......######...)).......#
..))).#....#...)@)......#
..))).'....'...oo).....∩#
o.))))#....#...).)......#
......######............#
.....## ##........∩.##
###### ############


You could see 2 orc knights.

Vanquished Creatures
  An orc knight (D:7)
  Joseph (D:7)
  Grinder (D:3)
  The ghost of mimosa the Chopper, an amateur HOBe of Trog (D:3)
  Sigmund (D:6)
  Eustachio (D:5)
  A human (D:7)
  4 hogs (D:7)
  Menkaure (D:5)
  14 wargs (D:7)
  A black bear (D:6)
  16 orc warriors
  A sky beast (D:5)
  3 ogres
  A phantom (D:6)
  An ice beast (D:5)
  A necrophage (D:5)
  2 centaurs
  A bullfrog (D:7)
  A howler monkey (D:6)
  2 crimson imps
  A quasit (D:7)
  8 orc priests
  Crazy Yiuf (D:3)
  2 jellies
  3 orc wizards
  2 bullfrog skeletons (D:7)
  4 hounds
  3 iguanas
  5 worker ants
  A hound skeleton (D:4)
  Robin (D:4)
  10 adders
  A howler monkey skeleton (D:7)
  7 gnolls
  A shadow imp (D:5)
  2 oozes (D:3)
  An adder skeleton (D:4)
  A worm (D:3)
  5 leopard geckos
  83 orcs
  8 giant cockroaches
  17 goblins
  8 hobgoblins
  15 jackals
  4 quokkas
  3 ball pythons
  8 bats
  4 frilled lizards
  A giant cockroach zombie (D:6)
  6 kobolds
  2 leopard gecko zombies
  A quokka skeleton (D:4)
  7 rats
282 creatures vanquished.

Vanquished Creatures (others)
  An orc warlord (D:7)
  An orc knight (D:6)
  An orc warrior (D:7)
  A jelly (D:6)
  2 plants (D:7)
6 creatures vanquished.

Grand Total: 288 creatures vanquished

Notes
Turn   | Place    | Note
-------+----------+-------------------------------------------
     0 | Abyss:1  | Gargoyl the Minotaur Abyssal Knight began the quest for the Orb.
     0 | Abyss:1  | Reached XP level 1. HP: 19/19 MP: 1/1
     6 | Abyss:1  | Gained mutation: You are partially covered in thin metallic scales. (AC +2) [potion of mutation]
     6 | Abyss:1  | Gained mutation: You are frail. (-10% HP) [potion of mutation]
     6 | Abyss:1  | Gained mutation: You are partially covered in icy blue scales. (AC +2) [potion of mutation]
     6 | Abyss:1  | Gained mutation: You have sharp toenails. [potion of mutation]
    42 | Abyss:2  | Found a corrupted altar of Lugonu.
    68 | Abyss:2  | Found a snail-covered altar of Cheibriados.
    95 | Abyss:2  | Noticed a raiju
    96 | D:1      | Escaped the Abyss
   579 | D:1      | Reached XP level 2. HP: 21/24 MP: 2/2
   657 | D:1      | Reached * piety under Lugonu
  1098 | D:2      | Reached skill level 3 in Armour
  1162 | D:2      | Reached XP level 3. HP: 22/29 MP: 3/3
  1661 | D:2      | Reached XP level 4. HP: 31/36 MP: 4/4
  1905 | D:2      | Reached ** piety under Lugonu
  2057 | D:3      | Reached XP level 5. HP: 26/42 MP: 5/5
  2250 | D:3      | Noticed mimosa's ghost (amateur HOBe)
  2383 | D:3      | Killed mimosa's ghost
  2383 | D:3      | Reached skill level 4 in Armour
  2383 | D:3      | Reached XP level 6. HP: 21/49 MP: 5/7
  2689 | D:3      | Noticed Grinder
  2707 | D:3      | Paralysed by Grinder for 2 turns
  2731 | D:3      | Killed Grinder
  2731 | D:3      | Reached skill level 5 in Fighting
  2731 | D:3      | Reached skill level 5 in Axes
  2731 | D:3      | Reached skill level 5 in Armour
  2731 | D:3      | Reached XP level 7. HP: 22/54 MP: 8/8
  3151 | D:3      | Found a runed door.
  3277 | D:3      | Noticed Crazy Yiuf
  3282 | D:3      | Killed Crazy Yiuf
  3347 | D:3      | Lost mutation: You are partially covered in thin metallic scales. (AC +2) [potion of mutation]
  3347 | D:3      | Lost mutation: You are frail. (-10% HP) [potion of mutation]
  3347 | D:3      | Lost mutation: You have sharp toenails. [potion of mutation]
  3347 | D:3      | Lost mutation: You are partially covered in icy blue scales. (AC +2) [potion of mutation]
  3347 | D:3      | Gained mutation: Your muscles are strong. (Str +2) [potion of mutation]
  3347 | D:3      | Gained mutation: You have a pair of large horns on your head. [potion of mutation]
  3347 | D:3      | Gained mutation: Scrolls take you a little longer to read. [potion of mutation]
  3347 | D:3      | Gained mutation: Your muscles are very strong. (Str +4) [potion of mutation]
  3529 | D:4      | Noticed Robin
  3536 | D:4      | Reached *** piety under Lugonu
  3547 | D:4      | Killed Robin
  3755 | D:4      | Found an ancient bone altar of Kikubaaqudgha.
  3787 | D:4      | Found a shattered altar of Ashenzari.
  3813 | D:4      | Reached skill level 6 in Armour
  4320 | D:4      | Found a staircase to the Ecumenical Temple.
  4377 | D:5      | Entered Level 5 of the Dungeon
  4579 | D:5      | Noticed Menkaure
  4593 | D:5      | Killed Menkaure
  4904 | D:5      | Reached XP level 8. HP: 54/70 MP: 10/10
  4929 | D:5      | Reached skill level 7 in Armour
  5395 | D:5      | Found a burning altar of Makhleb.
  5419 | D:5      | Noticed Eustachio
  5510 | D:5      | Killed Eustachio
  5510 | D:5      | Reached **** piety under Lugonu
  5510 | D:5      | Reached skill level 8 in Armour
  6547 | D:6      | Reached skill level 5 in Invocations
  6547 | D:6      | Reached XP level 9. HP: 76/78 MP: 11/11
  6687 | D:6      | Noticed Sigmund
  6696 | D:6      | Killed Sigmund
  6696 | D:6      | Reached skill level 9 in Armour
  7094 | D:7      | Noticed Joseph
  7110 | D:7      | Killed Joseph
  7328 | D:7      | Reached skill level 10 in Armour
  8135 | D:7      | Noticed an orc knight
  8139 | D:7      | Noticed an orc knight
  8145 | D:7      | Noticed an orc warlord
  8303 | D:7      | Reached XP level 10. HP: 86/86 MP: 13/13
  8355 | D:7      | Reached ***** piety under Lugonu
  8577 | D:7      | Reached skill level 11 in Armour
  8839 | D:7      | Reached skill level 10 in Axes
  9748 | D:6      | Banished an orc knight
 10157 | D:7      | Killed an orc knight
 10157 | D:7      | Reached skill level 12 in Armour
 10498 | D:7      | Banished an orc warlord
 11071 | D:7      | Reached XP level 11. HP: 85/95 MP: 15/15
 11368 | D:8      | Found a flagged portal.
 11378 | Bailey   | Entered a bailey
 11637 | Bailey   | Reached skill level 1 in Throwing
 11678 | Bailey   | Noticed an orc knight
 11679 | Bailey   | Noticed an orc knight
 11729 | Bailey   | Slain by an orc knight

Skill      XL: |  1  2  3  4  5  6  7  8  9 10 11 |
---------------+----------------------------------+-----
Invocations    | 2 3 4 5 7 |  7.2
Fighting       | 4 5 6 7 8 |  8.6
Armour         | 3 4 5 6 8 10 12 | 12.7
Axes           | 3 4 5 6 8 9 11 | 11.4
Dodging        | 2 |  2.5
Throwing       | 1 |  1.0

Action                   |  1- 3 |  4- 6 |  7- 9 | 10-12 || total
-------------------------+-------+-------+-------+-------++-------
Melee: Hand axe          |    68 |    84 |   443 |   226 ||   821
       Kick              |    15 |    19 |     4 |       ||    38
       Headbutt          |     6 |    10 |    89 |    96 ||   201
       Broad axe         |       |       |       |   116 ||   116
Throw: Javelin           |       |       |       |     4 ||     4
Invok: Depart the Abyss  |     1 |       |       |       ||     1
       Banish            |       |       |     2 |     3 ||     5
       Bend Space        |       |       |     2 |     2 ||     4
Evoke: Wand              |       |       |       |     3 ||     3
  Use: Scroll            |     7 |       |     7 |     2 ||    16
       Potion            |     1 |     4 |     5 |     5 ||    15
  Eat: Chunk             |     2 |     4 |    18 |    12 ||    36
Armor: Leather armour    |     3 |       |       |       ||     3
       Ring mail         |    37 |    10 |       |       ||    47
       Chain mail        |       |    46 |    52 |       ||    98
       Crystal plate arm |       |       |   316 |   246 ||   562
Dodge: Dodged            |    54 |    45 |   168 |   183 ||   450
       Deflected         |       |       |     9 |       ||     9
